AoeStats
← [Housed] Mauritz

Arabia

510818655Analyzed
1v1 RM · 18d ago on Oct 2, 2026· 31m 34s· 2 players
Game mode
Random Map
Map size
Tiny (2 player)
Population
200
Speed
Normal
Resources
Standard
Victory
Conquest
Starting age
Dark Age
Ending age
Imperial Age
RankedLock teamsTeams togetherTeam positionsShared explorationLock speedFull tech treeHidden civsTurbo modeCheats
Victory
Defeat
🇨🇿 Spanish · Czechia
1231
+15
vs
🇩🇪 Varangians · Germany
1202
-15
[Housed] Mauritz
6:12 Loom
9:38 Feudal Age
11:02 Double-Bit Axe
11:22 Horse Collar
13:53 Bloodlines
19:54 Wheelbarrow
23:47 Castle Age
22:02 Arson
22:20 Scale Mail Armor
23:12 Forging
24:51 Gold Mining
27:01 Squires
28:27 Hand Cart
31:42 Chain Mail Armor
xerogaviazzus
5:39 Loom
6:33 Loom
9:06 Feudal Age
11:19 Double-Bit Axe
18:52 Horse Collar
20:09 Wheelbarrow
22:58 Castle Age
21:20 Stone Mining
21:54 Bloodlines
21:59 Gold Mining
22:52 Padded Archer Armor
23:01 Scale Barding Armor
25:35 Fletching
27:08 Padded Archer Armor
31:20 Scale Mail Armor
Connection lost

Rejoining the realm…

Still unreachable

The connection could not be restored.

Session expired

The server has moved on; the page needs a fresh start.